Map: World of Sleepers LE

Players

Alejandro - Winner!

  • Race: Zerg Zerg
  • League: Silver
  • Spawn Location: 7:00

Ratl

  • Race: Protoss Protoss
  • League: Gold
  • Spawn Location: 1:00

VOD

Have the link to the VOD?

Description

Time

  • Played on: Feb. 17, 2020, 10:53 a.m.
  • Length: 4:44
Show
View Real Time Build Order
Export as new Build Order

Alejandro Zerg - Winner!

Build Orders: Pool Only 

Get SALT Encoding   

  12  0:01  Drone  
  13  0:09  Drone  
  14  0:26  Spawning Pool  
  13  0:30  Drone  
  13  0:32  Extractor  
  13  0:36  Drone  
  14  0:53  Overlord  
  14  0:59  Extractor  
  14  1:02  Drone  
  14  1:13  Drone x2  
  14  1:17  Queen  
  18  1:19  Drone  
  19  1:35  Zergling x2  
  20  1:43  Roach Warren  
  20  1:46  Drone  
  20  1:50  Drone  
  21  2:05  Overlord  
  21  2:11  Lair  
  21  2:14  Drone  
  22  2:23  Overlord  
  22  2:27  Roach  
  24  2:35  Roach  
  26  2:39  Roach  
  26  2:44  Roach  
  30  2:50  Ravager  
  31  2:51  Roach  
  31  2:58  Roach  
  35  3:00  Ravager  
  36  3:08  Roach  
  38  3:15  Overlord  
  38  3:20  Glial Reconstitution  
  38  3:35  Ravager  
  38  3:39  Roach x2  
  43  3:42  Ravager  
  43  3:45  Overlord  
  44  3:48  Drone  
  44  4:08  Roach  
  44  4:09  Roach x2  
Show
View Real Time Build Order
Export as new Build Order

Ratl Protoss 

Build Orders:  

Get SALT Encoding   

  12  0:01  Probe  
  13  0:14  Probe  
  14  0:24  Pylon  
  14  0:26  Probe  
  15  0:42  Probe  
  16  0:47  Gateway  
  16  0:54  Probe (Chrono Boost)  
  16  0:55  Assimilator  
  18  1:05  Probe (Chrono Boost)  
  18  1:10  Probe (Chrono Boost)  
  19  1:20  Probe  
  21  1:32  Probe  
  21  1:35  Gateway  
  21  1:40  Cybernetics Core  
  21  1:44  Probe  
  22  1:57  Probe  
  22  1:59  Assimilator  
  23  2:15  Pylon  
  23  2:18  Pylon  
  23  2:26  Nexus  
  23  2:32  Warp Gate  
  23  2:33  Probe (Chrono Boost), Zealot  
  23  2:36  Sentry  
  28  2:46  Probe (Chrono Boost)  
  29  2:51  Robotics Facility  
  29  2:55  Probe (Chrono Boost)  
  30  3:00  Probe  
  30  3:03  Stalker  
  33  3:12  Probe (Chrono Boost), Stalker  
  36  3:24  Probe (Chrono Boost)  
  37  3:33  Probe (Chrono Boost)  
  38  3:38  Stalker  
  41  3:42  Probe x2 (Chrono Boost), Pylon  
  43  3:48  Observer  
  43  3:52  Probe (Chrono Boost)  
  43  3:53  Probe (Chrono Boost)  
  41  4:10  Probe  
  41  4:12  Probe  
Tags
 
Add a new tag
Caveats
  • Supply blocks, unpowered buildings, or Contaminate may cause inaccurate times.
  • Supply counts are checked every 10 seconds.